 Dungeon Crawl Stone Soup version 0.25-a0-110-ge29c8f2358 (console) character file.

Game seed: 9392776429266309598, levelgen mode: deterministic

327 Kagalorn the Slinger (level 6, 0/39 HPs)
             Began as a Halfling Hunter on Nov 20, 2019.
             Slain by an ogre
             ... wielding a +0 giant spiked club
              (16 damage)
             ... on level 4 of the Dungeon.
             The game lasted 00:09:10 (3090 turns).

Kagalorn the Slinger (Halfling Hunter)              Turns: 3090, Time: 00:09:10

Health: 0/39       AC:  6    Str: 15    XL:     6   Next: 79%
Magic:  6/6        EV: 12    Int:  9    God:
Gold:   163        SH:  0    Dex: 15    Spells: 5/5 levels left

rFire    . . .     SeeInvis .   a - +1 hunting sling
rCold    . . .     Gourm    .   (shield restricted)
rNeg     . . .     Faith    .   t - +0 scale mail
rPois    .         Spirit   .   (no helmet)
rElec    .         Reflect  .   (no cloak)
rCorr    .         Harm     .   (no gloves)
MR       .....                  (no boots)
Stlth    ..........             (no amulet)
HPRegen  0.13/turn              (no ring)
MPRegen  0.10/turn              (no ring)

@: no status effects
A: small, mutation resistance 1
a: no special abilities


You were on level 4 of the Dungeon.
You were very hungry.

You visited 1 branch of the dungeon, and saw 4 of its levels.

You collected 163 gold pieces.

Inventory:

Hand Weapons
 a - a +1 hunting sling (weapon)
 b - a +0 short sword
 q - a +1 dagger of venom
Missiles
 d - 44 sling bullets
 k - 144 stones (quivered)
 x - 9 poisoned darts
Armour
 e - a +0 plate armour
 t - a +0 scale mail (worn)
Magical Staves
 y - an uncursed staff of air {unknown}
Jewellery
 g - an uncursed ring of see invisible {unknown}
 v - an uncursed ring of wizardry {unknown}
Wands
 r - a wand of flame (18)
Scrolls
 c - a scroll of amnesia {unknown}
 i - a scroll of remove curse {unknown}
 l - a scroll of magic mapping {unknown}
 m - 2 scrolls of enchant weapon {unknown}
 n - a scroll of fear {unknown}
 o - 4 scrolls of identify {unknown}
 p - a scroll of enchant armour {unknown}
 z - a scroll of immolation {unknown}
Potions
 h - 3 potions of curing {unknown}
 j - 2 potions of heal wounds {unknown}
 s - a potion of magic {unknown}
 u - a potion of might {unknown}
 w - a potion of mutation {unknown}
Comestibles
 f - 6 rations


   Skills:
 - Level 1.7 Fighting
 * Level 10.7 Slings
 - Level 2.1 Dodging
 - Level 1.1 Stealth


You had 5 spell levels left.
You didn't know any spells.
Your spell library was empty.

Dungeon Overview and Level Annotations

Branches:
Dungeon (4/15)
 Temple: D:4-7

Altars:
Nemelex Xobeh
Sif Muna
Uskayaw
Xom


Innate Abilities, Weirdness & Mutations

You are small and have problems with some larger weapons.
You are somewhat resistant to further mutation.


Message History

The ogre hits you with a +0 giant spiked club!
You are too injured to fight recklessly!
You are too injured to fight recklessly!
You are too injured to fight recklessly!
You are too injured to fight recklessly!
You are too injured to fight recklessly!
You are too injured to fight recklessly!
You are too injured to fight recklessly!
You are too injured to fight recklessly!
You are too injured to fight recklessly!
You are too injured to fight recklessly!
You are too injured to fight recklessly!
You are too injured to fight recklessly!
You are too injured to fight recklessly!
You are too injured to fight recklessly!
You are too injured to fight recklessly!
You are too injured to fight recklessly!
There is a stone staircase leading up here.
The ogre hits you with a +0 giant spiked club!
You die...

###
#..##....##
###.
#..#######
##... ##
##..# #....
##.###
#..## #....
#....###.)#
#....
#.....#..##
#....
#.....#..#
##....
#.....#.##
#.....
#......@#
#.....
#.....O##
#.....
#......#
#.....
#.....##
##....
##..#.#
#....
###..#
#.... ##.##
#.... ##..#
#>... #..##
#### #....


You could see an ogre.

Vanquished Creatures
  An ogre (D:4)
  An orc wizard (D:4)
  6 gnolls
  6 adders
  3 worms
  A dart slug (D:2)
  3 leopard geckos
  6 orcs
  2 ball pythons
  8 bats
  3 giant cockroaches
  5 goblins
  10 hobgoblins
  4 jackals (D:2)
  10 kobolds
  2 quokkas
  5 frilled lizards
  8 rats
84 creatures vanquished.

Notes
Turn   | Place    | Note
-------+----------+-------------------------------------------
     0 | D:1      | Kagalorn the Halfling Hunter began the quest for the Orb.
     0 | D:1      | Reached XP level 1. HP: 14/14 MP: 1/1
    27 | D:1      | Reached skill level 6 in Slings
    78 | D:1      | Reached XP level 2. HP: 13/19 MP: 2/2
   449 | D:1      | Reached skill level 7 in Slings
   449 | D:1      | Reached XP level 3. HP: 24/24 MP: 3/3
   792 | D:2      | Found a sparkling altar of Nemelex Xobeh.
   918 | D:2      | Found a hide-covered altar of Uskayaw.
   920 | D:2      | Found a shimmering altar of Xom.
   924 | D:2      | Found a shimmering blue altar of Sif Muna.
   988 | D:2      | Reached XP level 4. HP: 22/29 MP: 4/4
  1364 | D:2      | Reached skill level 8 in Slings
  1624 | D:3      | Reached XP level 5. HP: 30/34 MP: 5/5
  1814 | D:3      | Reached skill level 9 in Slings
  2302 | D:3      | Found a faded altar of an unknown god.
  2768 | D:3      | Reached XP level 6. HP: 27/39 MP: 6/6
  2896 | D:4      | Reached skill level 10 in Slings
  3019 | D:4      | Noticed an ogre
  3032 | D:4      | Killed an ogre
  3064 | D:4      | Noticed an ogre
  3090 | D:4      | Slain by an ogre

Levels and vault maps discovered:
D:1:      lightli_arrival_maybe_door_vault, layout_loops_cross
D:2:      layout_rooms, minitemple
D:3:      minmay_spotlight, layout_loops_corners,
          chequers_ecumenical_altar_twisty
D:4:      layout_cave_pods, nicolae_tso_carved_into_rock

Skill      XL: |  1  2  3  4  5  6 |
---------------+-------------------+-----
Slings         | 6 7 8 9 10 | 10.7
Fighting       | |  1.7
Dodging        | |  2.1
Stealth        | |  1.1

Action                   |  1- 3 |  4- 6 || total
-------------------------+-------+-------++-------
Melee: Short sword       |   117 |   163 ||   280
 Fire: Hunting sling     |    15 |   128 ||   143
 Stab: Sleeping          |     3 |       ||     3
  Eat: Chunk             |       |     6 ||     6
Armor: Leather armour    |     8 |       ||     8
       Ring mail         |    22 |     1 ||    23
       Scale mail        |       |    77 ||    77
Dodge: Dodged            |    93 |   133 ||   226

Table legend:
 A = Non-vault XP
 B = Vault XP
 C = Vault XP percentage of total XP
 D = Non-vault monster count
 E = Vault monster count
 F = Vault count percentage of total count
                 A         B        C        D         E       F
            +---------+---------+-------+---------+---------+-------
      Total |     467 |       1 |   0.2 |      83 |       1 |   1.2
            +---------+---------+-------+---------+---------+-------
        D:1 |      29 |       0 |   0.0 |      18 |       0 |   0.0
        D:2 |      64 |       0 |   0.0 |      26 |       0 |   0.0
        D:3 |     183 |       1 |   0.5 |      31 |       1 |   3.1
        D:4 |     191 |       0 |   0.0 |       8 |       0 |   0.0
            +---------+---------+-------+---------+---------+-------
